 Dungeon Crawl Stone Soup version 0.31.0-11-ge490571c62 (webtiles) character file.

Game seed: 11122433854178169607

189 qw the Shooter (level 5, -2/26 HPs)
             Began as a Spriggan Hunter on Feb 3, 2024.
             Slain by an orc priest
             ... wielding a +0 hand axe
              (5 damage)
             ... on level 4 of the Dungeon.
             The game lasted 00:00:09 (2553 turns).

qw the Shooter (Spriggan Hunter)                    Turns: 2553, Time: 00:00:10

Health: -2/26      AC:  2    Str:  7    XL:     5   Next: 40%
Magic:  6/6        EV: 20    Int: 11    God:
Gold:   165        SH:  0    Dex: 20    Spells: 4/4 levels left

rFire   . . .        a - +0 shortbow
rCold   . . .        (shield currently unavailable)
rNeg    . . .        c - +0 robe
rPois   .            (helmet restricted)
rElec   .            (no cloak)
rCorr   .            (gloves unavailable)
SInv    +            (boots unavailable)
Will    .....        (no amulet)
Stlth   ++           (no ring)
HPRegen 0.24/turn    (no ring)
MPRegen 0.10/turn

%: no passive effects
@: very quick
A: very small, no large weapons, unfitting armour, see invisible, speed 3
a: no special abilities


You were on level 4 of the Dungeon.
You visited 1 branch of the dungeon, and saw 4 of its levels.

You collected 165 gold pieces.


Innate Abilities, Weirdness & Mutations

You are very small and have problems with some larger weapons.
You are too small for most types of armour.
You have supernaturally acute eyesight. (SInv)
You cover ground extremely quickly. (Speed+++)


   Skills:
 - Level 2.0 Fighting
 + Level 5.7 Ranged Weapons
 - Level 5.0 Dodging
 - Level 1.5 Stealth


You had 4 spell levels left.
You didn't know any spells.
Your spell library was empty.

Inventory:

Hand Weapons
 a - a +0 shortbow (weapon)
Armour
 c - a +0 robe (worn)
Potions
 b - 3 potions of curing
 d - a potion of haste {unknown}
 e - a potion of magic {unknown}
 i - a potion of degeneration {unknown}

Dungeon Overview and Level Annotations

Branches:
Dungeon (4/15)
 Temple: D:4-7

Altars:
Dithmenos


Message History

You kill the adder!
An orc comes into view. It is wielding a +0 hand axe.
You shoot an arrow.
The arrow hits the orc but does no damage.
The orc shouts!
You shoot an arrow. The arrow hits the orc!
You kill the orc!
An orc comes into view. It is wielding a +0 whip.
You shoot an arrow. The orc shouts!
The arrow hits the orc.
The orc is lightly wounded.
You hear a shout!
An orc priest comes into view. It is wielding a +0 hand axe.
You shoot an arrow. The arrow completely misses the orc.
You shoot an arrow. The arrow barely misses the orc.
You shoot an arrow. The arrow hits the orc.
The orc is heavily wounded.
You shoot an arrow. The arrow hits the orc.
You kill the orc!
You shoot an arrow.
The arrow closely misses the orc priest.
The orc priest mumbles some strange prayers to Beogh against you.
Beogh smites you!
Ouch! That really hurt!
The orc priest invokes the aid of Beogh against you.
Beogh smites you!
You shoot an arrow. The arrow hits the orc priest.
The orc priest is lightly wounded.
You shoot an arrow. The arrow hits the orc priest.
The orc priest is moderately wounded.
You shoot an arrow.
The arrow closely misses the orc priest.
The orc priest barely misses you.
You shoot an arrow. The arrow barely misses the orc priest.
The orc priest casts a cantrip, but nothing happens.
You shoot an arrow. The arrow hits the orc priest.
The orc priest is severely wounded.
The orc priest hits you with a +0 hand axe.
You die...

####.# #....#
#....# #....#
#(...#
#....######
#..........
#######..@######
..........o.)..).
#######.#########
###.#####
#.......#
######.##....##
#.............#
...#######.....#
#.....#


You could see an orc priest.

Vanquished Creatures
  A hound (D:3)
  5 adders
  4 gnolls (D:2)
  3 dart slugs (D:1)
  A ribbon worm (D:2)
  6 orcs
  7 bats
  An endoplasm (D:1)
  5 goblins
  3 hobgoblins
  4 jackals (D:1)
  A quokka (D:1)
  5 ball pythons
  7 frilled lizards
  9 kobolds
  6 rats
68 creatures vanquished.

Notes
Turn   | Place    | Note
-------+----------+-------------------------------------------
     0 | D:1      | qw the Spriggan Hunter began the quest for the Orb.
     0 | D:1      | Reached XP level 1. HP: 10/10 MP: 2/2
     0 | D:1      | 0 ||| qw: Version: 0.3-a-158-g18b3111
     0 | D:1      | 0 ||| qw: Game counter: 4108
     0 | D:1      | 0 ||| qw: Melee chars always use a shield: true
     0 | D:1      | 0 ||| qw: God list: Okawaru
     0 | D:1      | 0 ||| qw: Allow faded altars: false
     0 | D:1      | 0 ||| qw: Do Orc after clearing Dungeon:15 true
     0 | D:1      | 0 ||| qw: Do second Lair branch before Depths: true
     0 | D:1      | 0 ||| qw: Lair rune preference: random
     0 | D:1      | 0 ||| qw: Goals: Normal
     0 | D:1      | 0 ||| PLANNING D:1-11
   104 | D:1      | Reached skill level 3 in Dodging
   148 | D:1      | HP: 2/10 [jackal (3)]
   154 | D:1      | Reached XP level 2. HP: 3/14 MP: 3/3
   410 | D:1      | Reached XP level 3. HP: 18/18 MP: 4/4
   721 | D:1      | 721 ||| READING scroll labelled OZXERED FEURCH.
   722 | D:1      | 722 ||| READING scroll labelled DOIPIQ HUSUOPS.
   723 | D:1      | 723 ||| READING scroll labelled GONNUF IKHLYC.
   824 | D:1      | 824 ||| READING scroll labelled ZIRUKLOHOL.
   856 | D:1      | 856 ||| DRINKING 2 lumpy orange potions.
   857 | D:1      | 857 ||| DROPPING scroll of butterflies.
   858 | D:1      | 858 ||| DROPPING potion of brilliance.
  1071 | D:2      | Reached XP level 4. HP: 22/22 MP: 5/5
  1143 | D:2      | Found a faded altar of an unknown god.
  1434 | D:2      | HP: 5/22 [ribbon worm (6)]
  1735 | D:2      | 1735 ||| READING scroll labelled DORUDD ECUX.
  1735 | D:2      | 1735 ||| IDENTIFYING metallic inky potion
  1736 | D:2      | 1736 ||| DRINKING 2 coppery potions.
  1737 | D:2      | 1737 ||| FLEEEEING.
  1738 | D:2      | 1738 ||| FLEEEEING.
  1739 | D:2      | 1739 ||| FLEEEEING.
  1740 | D:2      | 1740 ||| FLEEEEING.
  1741 | D:2      | 1741 ||| FLEEEEING.
  1742 | D:2      | 1742 ||| FLEEEEING.
  1743 | D:2      | 1743 ||| FLEEEEING.
  1744 | D:2      | 1744 ||| FLEEEEING.
  1745 | D:2      | 1745 ||| FLEEEEING.
  1746 | D:2      | 1746 ||| FLEEEEING.
  1747 | D:2      | 1747 ||| FLEEEEING.
  1748 | D:2      | 1748 ||| FLEEEEING.
  1749 | D:2      | 1749 ||| FLEEEEING.
  1750 | D:2      | 1750 ||| STAIRDANCE
  1852 | D:1      | 1852 ||| DROPPING potion of berserk rage.
  1889 | D:3      | Found a shadowy altar of Dithmenos.
  2254 | D:3      | Reached XP level 5. HP: 26/26 MP: 6/6
  2352 | D:3      | 2352 ||| READING scroll labelled CIFEEH KUKLI.
  2364 | D:4      | 2364 ||| STAIRDANCE
  2447 | D:4      | 2447 ||| STAIRDANCE
  2518 | D:4      | 2518 ||| DROPPING +0 sling of freezing.
  2548 | D:4      | HP: 1/26 [orc priest/divine providence (12)]
  2553 | D:4      | Slain by an orc priest

Levels and vault maps discovered:
D:1:      scummos_arrival_checkerplants, layout_basic
D:2:      layout_basic, dilly_ecumenical_altar_fadedgnrine
D:3:      layout_loops_cross, nicolae_dithmenos_through_a_glass_darkly
D:4:      layout_basic, serial_shops, shop, grunt_ministairs_10

Skill      XL: |  1  2  3  4 |
---------------+-------------+-----
Dodging        | 3 4 5 |  5.0
Ranged Weapons | 5 |  5.7
Fighting       | 2 |  2.0
Stealth        | |  1.5

Action                     |  1- 3 |  4- 6 || total
---------------------------+-------+-------++-------
   Fire: Shortbow          |   108 |    83 ||   191
    Use: Scroll            |     4 |     2 ||     6
         Potion            |     1 |     1 ||     2
 Armour: Robe              |    13 |    14 ||    27
  Dodge: Dodged            |    43 |    35 ||    78

Table legend:
 A = Non-vault XP
 B = Vault XP
 C = Vault XP percentage of total XP
 D = Non-vault monster count
 E = Vault monster count
 F = Vault count percentage of total count
                 A         B        C        D         E       F
            +---------+---------+-------+---------+---------+-------
      Total |     217 |      54 |  19.9 |      63 |       5 |   7.4
            +---------+---------+-------+---------+---------+-------
        D:1 |      64 |       0 |   0.0 |      36 |       0 |   0.0
        D:2 |      87 |       0 |   0.0 |      16 |       0 |   0.0
        D:3 |      47 |      45 |  48.9 |       8 |       2 |  20.0
        D:4 |      19 |       9 |  32.1 |       3 |       3 |  50.0
            +---------+---------+-------+---------+---------+-------
